 Dungeon Sprint DCSS version 0.22-a0-542-gce4f928 (webtiles) character file.

149 raistware the Covert (level 5, -2/25 HPs)
             Began as a Spriggan Assassin on June 24, 2018.
             Was an Initiate of Gozag.
             Slain by a spriggan
             ... wielding a +0 rapier
              (8 damage)
             ... in the Dungeon (Sprint IV: "Fedhas' Mad Dash").
             The game lasted 00:04:43 (241 turns).

raistware the Covert (Spriggan Assassin)             Turns: 241, Time: 00:04:43

Health: -2/25      AC:  3    Str:  7    XL:     5   Next: 9%
Magic:  6/9        EV: 22    Int: 13    God:    Gozag
Gold:   105        SH:  0    Dex: 18    Spells: 4/4 levels left

rFire    . . .     SeeInvis +   a - +2 dagger
rCold    . . .     Gourm    .   (shield restricted)
rNeg     . . .     Faith    .   c - +0 robe
rPois    .         Spirit   .   (helmet restricted)
rElec    .         Reflect  .   d - +0 cloak
rCorr    .         Harm     .   (gloves unavailable)
MR       .....     NoTele   +   (boots unavailable)
Stlth    +++++.....             o - amulet of invisibility {+Inv}
HPRegen  0.08/turn              (no ring)
MPRegen  0.11/turn              (no ring)

@: very slightly contaminated, hasted, invisible (expiring), very quick
A: very small, unfitting armour, see invisible, herbivore, speed 3, slow
metabolism 2
a: Potion Petition, Call Merchant, Bribe Branch, Renounce Religion


You were in the Dungeon.
You worshipped Gozag.
Gozag was aware of your devotion.
You were not hungry.

You visited 1 branch You collected 105 gold pieces.

Inventory:

Hand Weapons
 a - a +2 dagger (weapon)
 b - a +0 blowgun
Missiles
 e - 8 poisoned needles
 f - 2 curare-tipped needles
Armour
 c - a +0 robe (worn)
 d - a +0 cloak (worn)
Jewellery
 o - the amulet of invisibility (around neck) {+Inv}
   (You found it in the Dungeon)

   [amulet of nothing]

   It lets you turn invisible.
Scrolls
 l - a scroll of identify {unknown}
 m - a scroll of blinking
 n - a scroll of fear {unknown}
Potions
 h - 2 potions of curing
 i - a potion of heal wounds
 k - 2 potions of magic
Comestibles
 g - a ration


   Skills:
 - Level 1.5 Fighting
 + Level 7.7 Short Blades
 - Level 2.0 Throwing
 + Level 6.0 Dodging
 + Level 10.1 Stealth
 + Level 4.3 Evocations


You had 4 spell levels left.
You didn't know any spells.
Your spell library was empty.

Dungeon Overview and Level Annotations

Branches:
Dungeon (1/1)

Altars:
Cheibriados
Dithmenos
Elyvilon
Gozag
Hepliaklqana
Kikubaaqudgha
Makhleb
Nemelex Xobeh
Okawaru
Qazlal
Ru
Sif Muna
Trog
Uskayaw
Vehumet
Wu Jian
Xom
Yredelemnul
Zin
The Shining One
Beogh
Jiyva
Lugonu


Innate Abilities, Weirdness & Mutations

You are very small and have problems with some larger weapons.
You are too small for most types of armour.
You have supernaturally acute eyesight. (SInv)
You are a herbivore.
You cover ground extremely quickly.
You need to consume almost no food.


Message History

The spriggan barely misses you.
You hit the spriggan.
The spriggan is severely wounded.
You hit the spriggan.
The spriggan is severely wounded.
You hit the spriggan but do no damage.
The spriggan is severely wounded.
The spriggan hits you but does no damage.
The spriggan hits you with a rapier.
You feel yourself speed up. The spriggan completely misses you.
You hit the spriggan but do no damage.
The spriggan is severely wounded.
You flicker for a moment.
The spriggan hits you with a rapier!
* * * LOW HITPOINT WARNING * * *
You barely miss the spriggan.
The spriggan is severely wounded.
The spriggan hits you with a rapier!
You die...
Your body crumbles into a pile of gold.

#########################
...#.⌠._._._._.⌠.#.('$..#
†..'.._._._._._.ii..#$ $
...#..._._._._..@#..# $$
#+##.._._._._._..#..# $
#._._._._._.⌠.#### $
$############### $ $ $ $$
$


You could see 2 spriggans.

Vanquished Creatures
  3 oklob saplings (D)
  A worker ant (D)
  A river rat (D)
  A rat (D)
6 creatures vanquished.

Notes
Turn   | Place    | Note
-------+----------+-------------------------------------------
     0 | D        | raistware the Spriggan Assassin began the quest for the Orb.
     0 | D        | Reached XP level 1. HP: 10/10 MP: 2/2
     8 | D        | Reached skill level 5 in Short Blades
     8 | D        | Reached XP level 2. HP: 14/14 MP: 3/3
    18 | D        | Noticed an oklob sapling
    22 | D        | Killed an oklob sapling
    22 | D        | Reached skill level 7 in Stealth
    22 | D        | Reached XP level 3. HP: 18/18 MP: 4/4
    25 | D        | Found the amulet of invisibility {+Inv}
    30 | D        | Reached skill level 8 in Stealth
    57 | D        | Found an opulent altar of Gozag.
    57 | D        | Found a hazy altar of Hepliaklqana.
    57 | D        | Found a roughly hewn altar of Beogh.
    57 | D        | Found a snail-covered altar of Cheibriados.
    59 | D        | Found a viscous altar of Jiyva.
    59 | D        | Found a burning altar of Makhleb.
    59 | D        | Found a sparkling altar of Nemelex Xobeh.
    59 | D        | Found a sacrificial altar of Ru.
    59 | D        | Found a deep blue altar of Sif Muna.
    59 | D        | Found a bloodstained altar of Trog.
    59 | D        | Found an ornate altar of the Wu Jian Council.
    59 | D        | Found a shimmering altar of Xom.
    59 | D        | Found a basalt altar of Yredelemnul.
    59 | D        | Noticed an oklob sapling priest
    60 | D        | Found an iron altar of Okawaru.
    60 | D        | Found a glowing silver altar of Zin.
    60 | D        | Found a shadowy altar of Dithmenos.
    61 | D        | Found a hide-covered altar of Uskayaw.
    61 | D        | Found an ancient bone altar of Kikubaaqudgha.
    62 | D        | Found a stormy altar of Qazlal.
    62 | D        | Found a glowing golden altar of the Shining One.
    62 | D        | Found a white marble altar of Elyvilon.
    63 | D        | Found a radiant altar of Vehumet.
    63 | D        | Found a corrupted altar of Lugonu.
    68 | D        | Killed an oklob sapling priest
    68 | D        | Reached skill level 5 in Dodging
    68 | D        | Reached skill level 9 in Stealth
    68 | D        | Reached XP level 4. HP: 22/22 MP: 2/7
    83 | D        | Became a worshipper of Gozag Ym Sagoz the Greedy
   219 | D        | Reached skill level 10 in Stealth
   219 | D        | Reached XP level 5. HP: 25/25 MP: 7/9
   241 | D        | Slain by a spriggan

Vault maps used:
D:        dungeon_sprint_fedhas

Skill      XL: |  1  2  3  4 |
---------------+-------------+-----
Short Blades   | 5 6 7 |  7.7
Stealth        | 7 9 10 | 10.1
Dodging        | 5 6 |  6.0
Evocations     | 3 4 |  4.3
Fighting       | |  1.5
Throwing       | |  2.0

Action                   |  1- 3 |  4- 6 || total
-------------------------+-------+-------++-------
Melee: Dagger            |    11 |    11 ||    22
 Abil: Evoke Invisibilit |     1 |     1 ||     2
  Use: Potion            |     1 |     1 ||     2
 Stab: Sleeping          |     2 |     1 ||     3
       Invisible         |     2 |       ||     2
Dodge: Dodged            |     3 |     7 ||    10

Table legend:
 A = Spawn XP
 B = Non-spawn XP
 C = Spawn XP percentage of total XP
 D = Spawn monster count
 E = Non-spawn monster count
 F = Spawn count percentage of total count
 G = Total turns spent on level
                    A         B        C        D         E        F      G
               +---------+---------+-------+---------+---------+-------+---------
         Total |       0 |     214 |   0.0 |       0 |       6 |   0.0 |   241
               +---------+---------+-------+---------+---------+-------+---------
             D |       0 |     214 |   0.0 |       0 |       6 |   0.0 |   241
               +---------+---------+-------+---------+---------+-------+---------
